 Dungeon Crawl Stone Soup version 0.31.0-32-g396128a36d (webtiles) character file.

Game seed: 14798120705343856963

95 AbbaRin the Conjurer (level 4, 0/24 HPs)
             Began as a Deep Elf Conjurer on Apr 1, 2024.
             Slain by Pikel the hog (12 damage)
             ... on level 4 of the Dungeon.
             The game lasted 00:21:05 (3260 turns).

AbbaRin the Conjurer (Deep Elf Conjurer)            Turns: 3260, Time: 00:21:05

Health: 0/24       AC:  2    Str:  4    XL:     4   Next: 40%
Magic:  6/12       EV: 13    Int: 25    God:
Gold:   257        SH:  0    Dex: 13    Spells: 3/11 levels left

rFire   . . .        i - staff of earth
rCold   . . .        (no shield)
rNeg    . . .        a - +0 robe
rPois   .            (no helmet)
rElec   .            (no cloak)
rCorr   .            (no gloves)
SInv    .            (no boots)
Will    .....        (no amulet)
Stlth   ++           (no ring)
HPRegen 0.24/turn    (no ring)
MPRegen 0.13/turn

%: no passive effects
@: no status effects
A: no striking features
a: no special abilities


You were on level 4 of the Dungeon.
You visited 1 branch of the dungeon, and saw 4 of its levels.

You collected 257 gold pieces.

Inventory:

Hand Weapons
 d - a +0 spear
 g - a +0 sling
 k - a +0 sling
Missiles
 l - 6 datura-tipped darts
Armour
 a - a +0 robe (worn)
 j - a +1 pair of boots
Magical Staves
 i - a staff of earth (weapon)
Wands
 c - a wand of polymorph (11) (quivered)
Scrolls
 e - a scroll of revelation
 h - a scroll of amnesia
 m - a scroll of identify
 n - 2 scrolls of enchant armour
Potions
 b - a potion of magic
 f - a potion of enlightenment
 o - a potion of heal wounds


   Skills:
 + Level 0.6 Fighting
 + Level 3.3 Dodging
 + Level 3.3 Stealth
 * Level 4.3 Spellcasting
 + Level 4.8 Conjurations
 + Level 0.2 Hexes
 * Level 0.4 Air Magic


You had 3 spell levels left.
You knew the following spells:

 Your Spells              Type           Power      Damage    Failure   Level
a - Magic Dart            Conj           100%       1d8       1%          1
b - Searing Ray           Conj           58%        2d6       1%          2
c - Sigil of Binding      Hex            6%         N/A       24%         3
d - Static Discharge      Conj/Air       36%        3-5/arc   4%          2

Your spell library contained the following spells:

 Spells                   Type           Power      Damage    Failure   Level
 Ensorcelled Hibernation  Hex/Ice        10%        N/A       13%         2
 Swiftness                Air            7%         N/A       22%         3
 Call Canine Familiar     Summ           5%         N/A       26%         3
 Gell's Gravitas          Tloc           5%         N/A       26%         3
 Passwall                 Erth           8%         N/A       26%         3
 Teleport Other           Tloc           5%         N/A       26%         3
 Fulminant Prism          Conj/Alch      8%         3d7       32%         4
 Iskenderun's Mystic Bla  Conj/Tloc      17%        2d5       32%         4
 Airstrike                Air            3%         2d(1-17)  58%         4
 Dimensional Bullseye     Hex/Tloc       2%         N/A       63%         4
 Summon Lightning Spire   Summ/Air       6%         N/A       63%         4
 Dispersal                Tloc           2%         N/A       100%        6


Dungeon Overview and Level Annotations

Branches:
Dungeon (4/15)
 Temple: D:4-7

Altars:
Dithmenos
Kikubaaqudgha

Shops:
D:3 (

Annotations:
D:4 Pikel


Message History

You finish channelling your searing ray.
You start resting.
HP restored.
You start resting.
Magic restored.
You see here 5 boomerangs.
Pikel, Merchant of Souls comes into view.
He is wielding a +0 whip of electrocution and carrying a wand of paralysis.
Pikel moves out of view.
Aiming: Polymorph
Press: ? - help, Q - select action, (/) - cycle Shift-Dir - straight line, f - Pikel
Aim: Pikel, wielding a +0 whip of electrocution, wearing a +0 robe and carrying a wand of paralysis (will become a centaur, a hog, or a yak, chance to affect: 49%) Pikel evaporates and reforms as a hog!
A lemure comes into view.
Casting: Searing Ray (safe; 1% risk of failure)
Confirm with . or Enter, or press ? or * to list all spells.
Aiming: Searing Ray (safe; 1% risk of failure)
Press: ? - help, Shift-Dir - straight line, f/p - Pikel
Aim: Pikel the hog (82% to hit)
The searing ray hits Pikel.
Pikel is lightly wounded. (Press . to maintain the ray.)
The lemure shouts!
You hear a shout!
The searing ray hits Pikel!
Pikel is moderately wounded.
The searing ray hits Pikel!
Pikel is severely wounded.
Pikel bites you!
Ouch! That really hurt!
Casting: Searing Ray (safe; 1% risk of failure)
Confirm with . or Enter, or press ? or * to list all spells.
Restarting spell: Searing Ray (safe; 1% risk of failure)
Press: ? - help, Shift-Dir - straight line, f/p - Pikel
Aim: Pikel the hog (severely wounded, 82% to hit)
The searing ray hits Pikel!
Pikel is almost dead. (Press . to maintain the ray.)
The lemure shouts!
You hear an angry hiss.
Pikel bites you!
Ouch! That really hurt!
You die...

##<.....#.†.........##.
######................
#....................
#........#.........##
#........#.........#
##########..(......#
##.......##
###.....#...
##.h@.####.## ##..##.#
# ##..###.# #.5## #5#
#.## #.# ..?...)..# .5.
.........# ...
........S# ...
.........#


You could see Pikel the hog and 3 lemures.

Vanquished Creatures
  A lemure (D:4)
  An adder (D:4)
  3 ribbon worms (D:3)
  A dart slug (D:1)
  8 endoplasms
  10 giant cockroaches
  4 goblins
  9 hobgoblins
  2 jackals (D:1)
  2 quokkas
  6 ball pythons
  7 bats
  7 frilled lizards
  4 kobolds
  4 rats
  A spectral hobgoblin (D:1)
70 creatures vanquished.

Notes
Turn   | Place    | Note
-------+----------+-------------------------------------------
     0 | D:1      | AbbaRin the Deep Elf Conjurer began the quest for the Orb.
     0 | D:1      | Reached XP level 1. HP: 10/10 MP: 6/6
   159 | D:1      | Found a faded altar of an unknown god.
   181 | D:1      | Reached XP level 2. HP: 6/14 MP: 4/8
   184 | D:1      | Learned a level 2 spell: Searing Ray
   753 | D:1      | Reached XP level 3. HP: 19/19 MP: 10/10
  1008 | D:1      | Learned a level 3 spell: Sigil of Binding
  1444 | D:2      | Found an ancient bone altar of Kikubaaqudgha.
  1935 | D:2      | Learned a level 2 spell: Static Discharge
  2310 | D:3      | Found Taquetz's Antique Weapon Boutique.
  2471 | D:3      | Found a shadowy altar of Dithmenos.
  2530 | D:3      | Reached XP level 4. HP: 13/24 MP: 3/12
  3181 | D:4      | Noticed a lemure
  3192 | D:4      | Noticed a lemure
  3192 | D:4      | Noticed a lemure
  3209 | D:4      | Killed a lemure
  3253 | D:4      | Noticed Pikel
  3255 | D:4      | Pikel changed into Pikel the hog
  3255 | D:4      | Noticed Pikel
  3256 | D:4      | Noticed a lemure
  3260 | D:4      | Slain by Pikel the hog

Illustrated notes

Levels and vault maps discovered:
D:1:      psy_arrival_heroes, layout_rooms,
          dreamdust_ecumenical_altar_drowned_temple,
          wander_ebering_terrifying_dragon_lair
D:2:      minmay_roachtagon, layout_loops_ring, basic_altar, minmay_pentomino_z4
D:3:      layout_basic, nicolae_dithmenos_the_darkroom, serial_shops, shop,
          minmay_stone_trees_small, amethyst_killhole, kennysheep_generic_room_8
D:4:      layout_rooms, kennysheep_vampire_church, uniq_pikel

Skill      XL: |  1  2  3 |
---------------+----------+-----
Stealth        | 3 |  3.3
Dodging        | 3 |  3.3
Spellcasting   | 4 |  4.3
Fighting       | |  0.6
Conjurations   | |  4.8
Hexes          | |  0.2
Air Magic      | |  0.4

Action                     |  1- 3 |  4- 6 || total
---------------------------+-------+-------++-------
  Melee: Spear             |   137 |       ||   137
         Unarmed           |     2 |       ||     2
         Punch             |     1 |       ||     1
         Staff             |     9 |    16 ||    25
   Cast: Magic Dart        |    19 |     9 ||    28
         Searing Ray       |     6 |     7 ||    13
         Static Discharge  |     1 |       ||     1
  Evoke: Wand              |       |     1 ||     1
    Use: Potion            |     4 |       ||     4
         Scroll            |     3 |     3 ||     6
   Stab: Sleeping          |     7 |       ||     7
 Armour: Robe              |   119 |    10 ||   129
  Dodge: Dodged            |   150 |    14 ||   164
